 Dungeon Crawl Stone Soup version 0.26.1-11-gd32895ea62 (webtiles) character file.

Game seed: 1392656954880341978

5710 promet the Grappler (level 10, -5/93 HPs)
             Began as a Troll Monk on June 10, 2021.
             Was an Elder of Wu Jian.
             Slain by a rakshasa
             ... wielding a +0 trident
              (13 damage)
             ... on level 2 of the Abyss.
             The game lasted 00:50:56 (9190 turns).

promet the Grappler (Troll Monk)                    Turns: 9190, Time: 00:50:56

Health: -5/93      AC: 12    Str: 27    XL:     10   Next: 48%
Magic:  9/9        EV: 11    Int:  9    God:    Wu Jian [****..]
Gold:   592        SH:  0    Dex: 12    Spells: 6/9 levels left

rFire    . . .     SeeInvis .     - Unarmed
rCold    . . .     Faith    .   (no shield)
rNeg     . . .     Spirit   .   a - +1 robe
rPois    .         Reflect  .   L - +0 hat
rElec    .         Harm     .   Q - +0 cloak
rCorr    .         Rampage  .   (gloves unavailable)
Will     .....                  (boots unavailable)
Stlth    ++........             m - amulet of regeneration
HPRegen  1.05/turn              d - +4 ring of protection
MPRegen  0.11/turn              V - +6 ring of strength

@: about to teleport
A: large, unfitting armour, claws 3, regeneration 1, shaggy fur 1, tough skin 3
a: Renounce Religion, Wall Jump, Serpent's Lash


You were on level 2 of the Abyss.
You worshipped Wu Jian.
Wu Jian was greatly pleased with you.
You visited 1 branch of the dungeon, and saw 9 of its levels.
You visited the Abyss 1 time.

You collected 592 gold pieces.

Inventory:

Hand Weapons
 b - a +4 hunting sling
 f - a +2 dagger of venom
 j - a +0 spear
 r - a +0 rapier
 s - a +3 falchion
 y - a +2 whip of venom
 A - a +0 war axe
 I - a +3 flail
 J - a +1 halberd
 N - a +6 great sword
 P - a +5 short sword of draining
 U - a +0 short sword of draining
 Y - a +0 shortbow
Missiles
 c - 27 poisoned darts
 e - 81 bolts
 g - 431 stones
 i - 127 arrows
 t - 10 sling bullets
 x - 6 boomerangs (quivered)
 D - 8 curare-tipped darts
Armour
 a - a +1 robe (worn)
 L - a +0 hat (worn)
 Q - a +0 cloak (worn)
 Z - a +2 buckler of reflection
Jewellery
 d - a +4 ring of protection (left claw)
 m - an amulet of regeneration (around neck)
 G - an uncursed ring of protection from cold
 S - an uncursed amulet of guardian spirit
 V - a +6 ring of strength (right claw)
Wands
 o - a wand of acid (7)
 q - a wand of paralysis (12)
 z - a wand of polymorph (34)
 B - a wand of digging (12)
 C - a wand of enslavement (16)
 M - a wand of iceblast (15)
 R - a wand of flame (12)
Scrolls
 k - a scroll of remove curse
 w - a scroll of amnesia
 E - a scroll of magic mapping
 K - a scroll of identify
 W - a scroll of fog
Potions
 h - a potion of might
 l - 4 potions of curing
 n - 2 potions of haste
 p - a potion of heal wounds
 u - a potion of attraction
 v - 4 potions of lignification
 F - 2 potions of resistance
 X - a potion of magic {unknown}
Miscellaneous
 O - a phial of floods
 T - a phantom mirror


   Skills:
 + Level 4.3 Fighting
 + Level 4.3 Long Blades
 + Level 3.4(3.5) Slings
 + Level 1.8(3.4) Throwing
 + Level 4.1 Dodging
 + Level 3.0 Stealth
 * Level 11.4 Unarmed Combat
 + Level 0.4 Spellcasting
 + Level 0.2 Conjurations
 + Level 0.2 Air Magic
 + Level 0.3 Evocations


You had 6 spell levels left.
You knew the following spells:

 Your Spells              Type           Power        Failure   Level
a - Summon Small Mammal   Summ           0%           36%         1
b - Shock                 Conj/Air       0%           34%         1
c - Foxfire               Conj/Fire      0%           36%         1

Your spell library contained the following spells:

 Spells                   Type           Power        Failure   Level
 Animate Skeleton         Necr           0%           36%         1
 Apportation              Tloc           0%           36%         1
 Beastly Appendage        Tmut           0%           36%         1
 Corona                   Hex            0%           36%         1
 Sandblast                Erth           0%           36%         1
 Swiftness                Air            0%           50%         2
 Passwall                 Tmut/Erth      0%           52%         2
 Slow                     Hex            0%           52%         2
 Wereblood                Tmut           0%           52%         2
 Static Discharge         Conj/Air       0%           71%         3
 Conjure Flame            Conj/Fire      0%           73%         3
 Stone Arrow              Conj/Erth      0%           73%         3
 Inner Flame              Hex/Fire       0%           75%         3
 Portal Projectile        Hex/Tloc       0%           75%         3
 Spider Form              Tmut/Pois      0%           75%         3
 Airstrike                Air            0%           98%         4
 Cause Fear               Hex            0%           98%         4
 Ice Form                 Ice/Tmut       0%           98%         4
 Leda's Liquefaction      Hex/Erth       0%           98%         4
 Petrify                  Tmut/Erth      0%           98%         4
 Sticky Flame             Conj/Fire      0%           98%         4
 Blade Hands              Tmut           0%           100%        5
 Fireball                 Conj/Fire      0%           100%        5
 Lee's Rapid Deconstruct  Erth           0%           100%        5
 Lightning Bolt           Conj/Air       0%           100%        5


Dungeon Overview and Level Annotations

Branches:
Dungeon (10/15)            Temple (0/1) D:6            Lair (0/6) D:10
    Orc: D:9-12

Altars:
Dithmenos
Elyvilon
Kikubaaqudgha
Vehumet
Wu Jian
Yredelemnul
The Shining One

Annotations:
D:2 2 transporters, Menkaure
D:6 3 runed translucent doors, Zeld's ghost, novice GrEE; Zeld's ghost, novice OpBr
D:10 1 runed translucent door, Pepete's ghost, journeyman DsFi; Sonja


Innate Abilities, Weirdness & Mutations

You are too large for most types of armour.
You have claws for hands.
Your natural rate of healing is unusually fast.
You are covered in fur. (AC +1)
You have extremely tough skin. (AC +3)


Message History

The bone dragon is moderately damaged.
The small abomination hits you.
As you read the scroll of teleportation, it crumbles to dust.
You feel strangely unstable.
You feel the power of the Abyss delaying your translocation!
The bone dragon bites you!
* * * LOW HITPOINT WARNING * * *
The bone dragon claws you but does no damage.
The bone dragon tramples you but does no damage.
The small abomination barely misses you.
The bone dragon bites you!
* * * LOW HITPOINT WARNING * * *
The bone dragon closely misses you. The bone dragon tramples you.
* * * LOW HITPOINT WARNING * * *
You stumble backwards!
A ynoxinul comes into view.
A rakshasa comes into view. It is wielding a +0 trident.
The rakshasa closely misses you.
The rakshasa hits you with a +0 trident!
You die...

### ..# # ..
#.#.###### ##
..#...# ## .#
#R..##..#
##3###.@....#
..#ยง..#.###...
##.#...##.. #
#....x#...# .#
#.......####. #
#.#.......#..# .
#...#.........
...#.##...#...#..#
#.... ..##....#.#


You could see a rakshasa and a small abomination.

Vanquished Creatures
  A two-headed ogre (D:9)
  Pikel (D:8)
  Maurice (D:9)
  An ancient zyme (Abyss:2)
  Grinder (D:5)
  A ynoxinul (Abyss:2)
  6 yaks (D:10)
  A water moccasin (D:9)
  A black bear (D:8)
  An orc warrior (D:8)
  2 sky beasts
  2 phantoms
  A necrophage (D:8)
  An ogre (D:3)
  3 centaurs
  2 bullfrogs
  Blork the orc (D:5)
  A water moccasin zombie (D:8)
  2 scorpions
  3 killer bees (D:9)
  A howler monkey (D:4)
  8 wights (D:8)
  2 bullfrog zombies
  A hound (D:8)
  A centaur skeleton (D:8)
  2 jellies
  5 orc priests
  Ijyb (D:5)
  An iguana (D:5)
  5 orc wizards
  5 worker ants
  2 worker ant zombies
  3 gnolls (D:8)
  7 adders
  2 white imps (D:5)
  2 ufetubi
  An ooze (D:3)
  A worm (D:3)
  6 dart slugs
  16 orcs
  4 ball pythons
  4 bats
  3 giant cockroaches
  4 goblins
  7 hobgoblins
  6 kobolds
  4 quokkas
  6 frilled lizards
  A jackal skeleton (D:4)
  2 leopard gecko skeletons
  A leopard gecko zombie (D:6)
  A quokka skeleton (D:8)
  5 rats
153 creatures vanquished.

Vanquished Creatures (others)
  2 foxfires (D:10)
  4 toadstools (D:1)
6 creatures vanquished.

Grand Total: 159 creatures vanquished

Notes
Turn   | Place    | Note
-------+----------+-------------------------------------------
     0 | D:1      | promet the Troll Monk began the quest for the Orb.
     0 | D:1      | Reached XP level 1. HP: 22/22 MP: 0/0
   530 | D:1      | Reached XP level 2. HP: 29/29 MP: 1/1
  1082 | D:2      | Found a transporter.
  1082 | D:2      | Found a transporter.
  1082 | D:2      | Noticed a necrophage
  1099 | D:2      | Found an ancient bone altar of Kikubaaqudgha.
  1343 | D:2      | Noticed Menkaure
  1351 | D:2      | Found a basalt altar of Yredelemnul.
  1440 | D:2      | Found an ornate altar of the Wu Jian Council.
  1463 | D:2      | Became a worshipper of the Wu Jian Council
  1463 | D:2      | Reached * piety under Wu Jian
  1463 | D:2      | Reached ** piety under Wu Jian
  1513 | D:2      | Reached XP level 3. HP: 36/36 MP: 2/2
  1949 | D:3      | Reached skill level 4 in Unarmed Combat
  2159 | D:3      | Noticed an ogre
  2168 | D:3      | Killed an ogre
  2169 | D:3      | Reached XP level 4. HP: 19/44 MP: 3/3
  2169 | D:3      | Reached XP level 5. HP: 23/52 MP: 4/4
  2567 | D:3      | Reached skill level 5 in Unarmed Combat
  2880 | D:4      | Reached XP level 6. HP: 48/59 MP: 5/5
  2927 | D:4      | Reached skill level 6 in Unarmed Combat
  2927 | D:4      | Reached *** piety under Wu Jian
  3090 | D:4      | Learned a level 1 spell: Summon Small Mammal
  3098 | D:4      | Learned a level 1 spell: Shock
  3637 | D:5      | Entered Level 5 of the Dungeon
  3738 | D:5      | Noticed Blork the orc
  3739 | D:5      | Noticed Ijyb
  3740 | D:5      | Killed Blork the orc
  3742 | D:5      | Killed Ijyb
  3743 | D:5      | Reached XP level 7. HP: 67/67 MP: 6/6
  3968 | D:5      | Noticed Grinder
  4137 | D:5      | Killed Grinder
  4138 | D:5      | Reached skill level 7 in Unarmed Combat
  4593 | D:6      | Found a staircase to the Ecumenical Temple.
  4900 | D:6      | Found a runed translucent gate.
  4905 | D:6      | Found a runed translucent gate.
  4905 | D:6      | Found a runed translucent gate.
  4905 | D:6      | Noticed Zeld's ghost (novice GrEE)
  4905 | D:6      | Noticed Zeld's ghost (novice OpBr)
  4992 | D:6      | Found a white marble altar of Elyvilon.
  5026 | D:6      | You fall into a shaft and drop 2 floors!
  5074 | D:8      | Reached skill level 8 in Unarmed Combat
  5094 | D:8      | Reached XP level 8. HP: 75/75 MP: 7/7
  5380 | D:8      | Found a shadowy altar of Dithmenos.
  5535 | D:8      | Reached skill level 1 in Slings
  5568 | D:8      | Learned a level 1 spell: Foxfire
  5652 | D:8      | Reached skill level 9 in Unarmed Combat
  5667 | D:8      | Reached **** piety under Wu Jian
  5683 | D:8      | Noticed Pikel
  5693 | D:8      | Killed Pikel
  5694 | D:8      | Reached skill level 10 in Unarmed Combat
  5694 | D:8      | Reached XP level 9. HP: 38/83 MP: 8/8
  6388 | D:8      | Reached skill level 1 in Long Blades
  6545 | D:9      | Noticed Maurice
  6678 | D:9      | Found a radiant altar of Vehumet.
  6762 | D:9      | Killed Maurice
  6763 | D:9      | Reached skill level 1 in Throwing
  7251 | D:9      | Noticed a two-headed ogre
  7268 | D:9      | Killed a two-headed ogre
  7269 | D:9      | Reached XP level 10. HP: 67/92 MP: 9/9
  7896 | D:9      | Found a glowing golden altar of the Shining One.
  8135 | D:10     | Entered Level 10 of the Dungeon
  8165 | D:10     | Found a runed translucent door.
  8165 | D:10     | Noticed Pepete's ghost (journeyman DsFi)
  8654 | D:10     | Reached skill level 11 in Unarmed Combat
  8752 | D:10     | Noticed Sonja
  8754 | D:10     | Found a staircase to the Lair.
  8775 | D:10     | Cast into level 2 of the Abyss (Sonja)
  8911 | Abyss:2  | Noticed a smoke demon
  9090 | Abyss:2  | Noticed a thrashing horror
  9095 | Abyss:2  | Noticed a thrashing horror
  9173 | Abyss:2  | Noticed a bone dragon
  9184 | Abyss:2  | HP: 2/93 [bone dragon (6)]
  9188 | Abyss:2  | Noticed a rakshasa
  9190 | Abyss:2  | Slain by a rakshasa

Illustrated notes

Levels and vault maps discovered:
D:1:      ldierk_walled_garden_2, layout_loops_corners, chequers_arboretum,
          minmay_crystal_water, serial_bayou_pond_c, serial_park_tiny_2,
          corexii_corridor_pit
D:2:      layout_loops_ring, old_standard_altar, gammafunk_temple_of_torment,
          chequers_garden, st_stairs_1, minmay_statues_item,
          kennysheep_generic_room_9
D:3:      layout_loops_ring
D:4:      layout_loops_cross, grunt_ministairs_2
D:5:      layout_loops_cross, nicolae_overflow_hidden_temple, uniq_ijyb,
          uniq_grinder, uniq_blork_the_orc
D:6:      layout_cave_pools, kennysheep_mini, minmay_temple_entry_overgrown,
          gammafunk_ghost_cemetery, chequers_serial_rivers_large_a,
          kennysheep_generic_room_14
D:8:      layout_layer_cave, chequers_serial_rivers_marsh,
          hangedman_abyss_or_decor_clamps, hangedman_decor_push,
          nicolae_dithmenos_shadow_blocks, uniq_pikel
D:9:      layout_layer_cave, basic_altar, nicolae_tso_swordbearing_angel,
          uniq_maurice
D:10:     layout_basic, lair_entry_dummy, gammafunk_ghost_grave,
          lightli_fourway_metalbox, uniq_sonja
Abyss:2:  base: D:4, small_statue_intersection, hangedman_abyss_shoalhut

Skill      XL: |  1  2  3  4  5  6  7  8  9 10 |
---------------+-------------------------------+-----
Unarmed Combat | 4 5 6 8 10 11 | 11.4
Fighting       | 3 4 |  4.3
Stealth        | 2 3 |  3.0
Slings         | 1 2 3 |  3.4
Dodging        | 3 4 |  4.1
Long Blades    | 4 |  4.3
Throwing       | 1 |  1.8
Spellcasting   | |  0.4
Conjurations   | |  0.2
Air Magic      | |  0.2
Evocations     | |  0.3

Action                   |  1- 3 |  4- 6 |  7- 9 | 10-12 || total
-------------------------+-------+-------+-------+-------++-------
Melee: Unarmed           |    95 |    86 |   155 |    84 ||   420
       Punch             |       |       |    11 |     6 ||    17
       Hunting sling     |       |       |     4 |     1 ||     5
       Great sword       |       |       |    29 |       ||    29
 Fire: Hunting sling     |     1 |     8 |    47 |    22 ||    78
       Shortbow          |       |       |       |     1 ||     1
Throw: Dart              |     5 |     1 |    11 |       ||    17
       Boomerang         |       |       |       |     4 ||     4
 Cast: Shock             |       |     4 |       |       ||     4
       Summon Small Mamm |       |     2 |       |       ||     2
       Foxfire           |       |       |       |     1 ||     1
Invok: Whirlwind         |     2 |     8 |     9 |     2 ||    21
       Lunge             |     6 |     9 |    21 |     6 ||    42
 Abil: Wall Jump         |       |       |     3 |     3 ||     6
Evoke: Wand              |       |     4 |     4 |       ||     8
  Use: Potion            |     3 |     1 |     2 |     3 ||     9
       Scroll            |     7 |     6 |     9 |     2 ||    24
 Stab: Sleeping          |     4 |     4 |     5 |     1 ||    14
       Paralysed         |       |       |     4 |       ||     4
Armor: Robe              |    26 |    18 |    58 |    31 ||   133
       Skin              |       |       |     2 |       ||     2
Dodge: Dodged            |    30 |    34 |   118 |    48 ||   230
       Rpst.: Great sword |       |       |     6 |       ||     6
